General information
- name: FFA ! Observer if u lose
- type: Custom game
- host: I_am_Legion_TD
- saver: carlsonnn
map: RagingStream
- players: 9
- length: 52:28
- speed: Fast
- version: 1.26 W3XP
- replay type: Public
» download(330 KB)
Players
team 1 (loser)

»
I_am_Legion_TD (
red | 76 APM | 3732 actions | 49:15)
8 Crypt Lord
3 Carrion Beetles
2 Impale
1 Locust Swarm
2 Spiked Carapace
7 Death Knight
3 Death Coil
3 Unholy Aura
1 Animate Dead
7 Lich
3 Frost Nova
3 Dark Ritual
1 Death and Decay
» actions
| Assign group hotkey | 48 | |
| Basic commands | 108 | |
| Build / train | 113 | |
| Enter build submenu | 32 | |
| Enter hero's abilities submenu | 23 | |
| Give item / drop item | 5 | |
| Remove unit from queue | 1 | |
| Right click | 1285 | |
| Select / deselect | 594 | |
| Select group hotkey | 1338 | |
| Use ability | 184 | |
3732 total
» units
| Acolyte | 17 | |
| Ghoul | 8 | |
| Obsidian Statue | 1 | |
| Frost Wyrm | 11 | |
| Abomination | 4 | |
| Crypt Fiend | 3 | |
44 total
» upgrades
| Freezing Breath | 1 | |
| Creature Attack | 3 | |
| Creature Carapace | 3 | |
| Web | 1 | |
| Unholy Strength | 3 | |
| Unholy Armor | 3 | |
| Backpack | 1 | |
| Stone Form | 1 | |
| Disease Cloud | 1 | |
| Destroyer Form | 1 | |
| Exhume Corpses | 1 | |
| Skeletal Longevity | 1 | |
| Necromancer Training | 1 | |
21 total
» buildings
| Ziggurat | 16 | |
| Crypt | 1 | |
| Nerubian Tower | 2 | |
| Halls of the Dead | 4 | |
| Altar of Darkness | 1 | |
| Tomb of Relics | 1 | |
| Graveyard | 1 | |
| Black Citadel | 2 | |
| Sacrificial Pit | 1 | |
| Slaughterhouse | 3 | |
| Boneyard | 2 | |
| Necropolis | 3 | |
| Spirit Tower | 1 | |
| Temple of the Damned | 3 | |
41 total
» build order
00:12 Ziggurat
00:14 Ziggurat
00:17 Crypt
01:20 Ziggurat
03:01 Nerubian Tower
03:06 Nerubian Tower
03:07 Halls of the Dead
03:08 Halls of the Dead
03:19 Altar of Darkness
03:44 Tomb of Relics
03:49 Ziggurat
03:50 Ziggurat
04:42 Graveyard
05:31 Black Citadel
05:35 Sacrificial Pit
06:27 Slaughterhouse
09:10 Boneyard
09:11 Boneyard
09:46 Necropolis
13:47 Ziggurat
13:48 Ziggurat
13:49 Ziggurat
21:04 Spirit Tower
31:33 Necropolis
34:05 Slaughterhouse
34:06 Slaughterhouse
34:10 Temple of the Damned
34:13 Temple of the Damned
34:17 Temple of the Damned
36:30 Necropolis
37:26 Ziggurat
37:26 Ziggurat
37:28 Ziggurat
37:29 Ziggurat
43:02 Ziggurat
43:05 Ziggurat
43:05 Ziggurat
43:05 Ziggurat
44:51 Halls of the Dead
44:53 Halls of the Dead
47:17 Black Citadel
» items
| Rod of Necromancy | 2 | |
| Scroll of Town Portal | 4 | |
| Orb of Corruption | 1 | |
| Scroll of Healing | 3 | |
| Potion of Healing | 3 | |
| Potion of Mana | 1 | |
14 total
team 2 (loser)

»
g-star (
yellow | 16 APM | 507 actions | 31:49)
2 Keeper of the Grove
1 Entangling Roots
1 Force of Nature
» actions
| Assign group hotkey | 2 | |
| Basic commands | 3 | |
| Build / train | 7 | |
| Enter build submenu | 11 | |
| Enter hero's abilities submenu | 2 | |
| Right click | 298 | |
| Select / deselect | 129 | |
| Select group hotkey | 13 | |
| Use ability | 42 | |
507 total
» units
» buildings
| Hunter's Hall | 1 | |
| Ancient Protector | 7 | |
8 total
» build order
00:08 Hunter's Hall
02:17 Ancient Protector
02:19 Ancient Protector
03:35 Ancient Protector
04:14 Ancient Protector
05:06 Ancient Protector
08:02 Ancient Protector
08:33 Ancient Protector
team 3 (loser)

»
MalaDroga (
orange | 107 APM | 3314 actions | 31:04)
5 Archmage
3 Summon Water Elemental
2 Brilliance Aura
4 Paladin
2 Holy Light
2 Divine Shield
3 Mountain King
2 Storm Bolt
1 Bash
» actions
| Assign group hotkey | 61 | |
| Basic commands | 13 | |
| Build / train | 97 | |
| ESC pressed | 7 | |
| Enter build submenu | 32 | |
| Enter hero's abilities submenu | 14 | |
| Give item / drop item | 3 | |
| Remove unit from queue | 3 | |
| Right click | 1774 | |
| Select / deselect | 510 | |
| Select group hotkey | 548 | |
| Use ability | 252 | |
3314 total
» units
| Peasant | 14 | |
| Footman | 9 | |
| Rifleman | 1 | |
| Mortar Team | 2 | |
| Priest | 1 | |
| Dragonhawk Rider | 14 | |
| Siege Engine | 1 | |
| Flying Machine | 1 | |
| Sorceress | 1 | |
| Knight | 1 | |
| Gryphon Rider | 4 | |
49 total
» upgrades
| Armor | 3 | |
| Flak Cannons | 1 | |
| Cloud | 1 | |
| Flare | 0 | |
| Barrage | 1 | |
| Gunpowder | 0 | |
| Swords | 3 | |
| Storm Hammers | 1 | |
| Plating | 1 | |
11 total
» buildings
| Barracks | 1 | |
| Farm | 12 | |
| Lumber Mill | 2 | |
| Scout Tower | 6 | |
| Guard Tower | 2 | |
| Arcane Tower | 2 | |
| Keep | 1 | |
| Blacksmith | 1 | |
| Arcane Vault | 1 | |
| Altar of Kings | 1 | |
| Arcane Sanctum | 3 | |
| Workshop | 1 | |
| Cannon Tower | 1 | |
| Castle | 1 | |
| Gryphon Aviary | 2 | |
37 total
» build order
00:21 Barracks
00:49 Farm
01:12 Lumber Mill
02:04 Farm
02:23 Scout Tower
02:27 Farm
02:52 Guard Tower
03:08 Scout Tower
03:22 Farm
03:46 Arcane Tower
03:54 Farm
04:49 Keep
05:08 Arcane Tower
05:27 Farm
06:14 Blacksmith
06:20 Arcane Vault
06:48 Scout Tower
06:51 Farm
07:24 Altar of Kings
07:50 Guard Tower
07:54 Arcane Sanctum
08:21 Scout Tower
08:27 Workshop
08:33 Arcane Sanctum
09:22 Arcane Sanctum
09:54 Cannon Tower
11:12 Castle
11:31 Gryphon Aviary
13:04 Lumber Mill
17:01 Scout Tower
17:02 Scout Tower
18:53 Farm
18:53 Farm
20:24 Gryphon Aviary
22:08 Farm
22:08 Farm
22:09 Farm
» items
| Potion of Healing | 5 | |
| Scroll of Regeneration | 1 | |
| Lesser Clarity Potion | 1 | |
| Scroll of Town Portal | 2 | |
| Staff of Sanctuary | 2 | |
11 total
team 4 (winner)

»
carlsonnn (
blue | 122 APM | 6385 actions | 52:28)
9 Mountain King
2 Storm Bolt
3 Bash
1 Avatar
3 Thunder Clap
9 Paladin
3 Holy Light
3 Divine Shield
1 Resurrection
2 Devotion Aura
8 Archmage
3 Summon Water Elemental
3 Brilliance Aura
1 Mass Teleport
1 Blizzard
» actions
| Assign group hotkey | 65 | |
| Basic commands | 27 | |
| Build / train | 169 | |
| ESC pressed | 4 | |
| Enter build submenu | 66 | |
| Enter hero's abilities submenu | 26 | |
| Give item / drop item | 10 | |
| Right click | 2187 | |
| Select / deselect | 1889 | |
| Select group hotkey | 1529 | |
| Use ability | 412 | |
6385 total
» units
| Peasant | 33 | |
| Footman | 6 | |
| Priest | 4 | |
| Goblin Shredder | 1 | |
| Dragonhawk Rider | 12 | |
| Spell Breaker | 3 | |
| Gryphon Rider | 6 | |
| Siege Engine | 4 | |
69 total
» upgrades
| Lumber Harvesting | 1 | |
| Priest Training | 2 | |
| Cloud | 1 | |
| Storm Hammers | 1 | |
| Control Magic | 1 | |
| Masonry | 3 | |
| Magic Sentry | 1 | |
| Swords | 3 | |
| Animal War Training | 1 | |
| Flak Cannons | 1 | |
| Barrage | 1 | |
| Gunpowder | 2 | |
| Armor | 1 | |
| Plating | 2 | |
| Sorceress Training | 1 | |
| Fragmentation Shards | 1 | |
| Flare | 1 | |
24 total
» buildings
| Farm | 11 | |
| Barracks | 1 | |
| Arcane Vault | 1 | |
| Scout Tower | 24 | |
| Arcane Tower | 3 | |
| Lumber Mill | 1 | |
| Keep | 1 | |
| Town Hall | 8 | |
| Guard Tower | 16 | |
| Altar of Kings | 1 | |
| Arcane Sanctum | 3 | |
| Castle | 3 | |
| Gryphon Aviary | 3 | |
| Blacksmith | 1 | |
| Workshop | 3 | |
80 total
» build order
00:06 Farm
00:09 Barracks
00:32 Farm
01:43 Farm
03:12 Farm
03:27 Arcane Vault
03:43 Scout Tower
04:16 Arcane Tower
04:18 Scout Tower
04:20 Lumber Mill
04:35 Scout Tower
05:14 Keep
05:21 Town Hall
05:24 Town Hall
05:33 Scout Tower
05:35 Scout Tower
05:37 Scout Tower
05:48 Guard Tower
05:50 Arcane Tower
06:01 Guard Tower
06:02 Guard Tower
06:03 Arcane Tower
06:19 Scout Tower
06:21 Scout Tower
06:23 Scout Tower
06:54 Altar of Kings
07:39 Arcane Sanctum
07:41 Arcane Sanctum
08:36 Castle
08:36 Castle
09:30 Guard Tower
09:31 Gryphon Aviary
10:15 Scout Tower
11:08 Scout Tower
11:08 Guard Tower
11:23 Town Hall
11:26 Guard Tower
12:56 Farm
12:58 Guard Tower
13:23 Farm
13:26 Gryphon Aviary
13:45 Scout Tower
14:57 Blacksmith
14:59 Farm
15:13 Arcane Sanctum
15:47 Guard Tower
16:03 Farm
16:03 Farm
17:30 Workshop
17:57 Scout Tower
17:58 Scout Tower
18:07 Farm
18:26 Guard Tower
20:11 Town Hall
20:16 Scout Tower
20:16 Scout Tower
20:40 Farm
20:44 Guard Tower
22:16 Scout Tower
22:31 Scout Tower
22:32 Scout Tower
22:33 Scout Tower
22:33 Scout Tower
22:45 Guard Tower
22:47 Scout Tower
23:01 Guard Tower
23:01 Guard Tower
23:25 Guard Tower
23:26 Guard Tower
23:32 Town Hall
25:15 Workshop
25:20 Workshop
25:22 Gryphon Aviary
27:04 Guard Tower
29:36 Scout Tower
29:36 Scout Tower
34:07 Town Hall
40:23 Town Hall
46:56 Town Hall
» items
| Scroll of Regeneration | 7 | |
| Lesser Clarity Potion | 10 | |
| Staff of Sanctuary | 2 | |
| Orb of Fire | 1 | |
| Scroll of Town Portal | 3 | |
23 total
team 5 (loser)

»
Freudentau (
teal | 69 APM | 1497 actions | 21:47)
5 Shadow Hunter
2 Serpent Ward
3 Healing Wave
4 Far Seer
2 Feral Spirit
2 Chain Lighting
3 Naga Sea Witch
2 Forked Lightning
1 Mana Shield
» actions
| Assign group hotkey | 16 | |
| Build / train | 71 | |
| Enter build submenu | 20 | |
| Enter hero's abilities submenu | 12 | |
| Give item / drop item | 6 | |
| Remove unit from queue | 1 | |
| Right click | 590 | |
| Select / deselect | 328 | |
| Select group hotkey | 354 | |
| Use ability | 99 | |
1497 total
» units
| Peon | 19 | |
| Grunt | 7 | |
| Wind Rider | 8 | |
| Troll Batrider | 5 | |
39 total
» upgrades
| Pillage | 1 | |
| Armor | 2 | |
| Berserker Strength | 1 | |
| Envenomed Spears | 1 | |
| Ranged Weapons | 2 | |
7 total
» buildings
| Orc Burrow | 8 | |
| Altar of Storms | 1 | |
| Barracks | 1 | |
| Voodoo Lounge | 1 | |
| War Mill | 1 | |
| Great Hall | 1 | |
| Stronghold | 1 | |
| Watch Tower | 5 | |
| Fortress | 3 | |
| Beastiary | 3 | |
| Spirit Lodge | 1 | |
26 total
» build order
00:09 Orc Burrow
00:12 Altar of Storms
00:32 Barracks
03:12 Orc Burrow
03:29 Orc Burrow
04:10 Voodoo Lounge
04:14 Orc Burrow
05:10 War Mill
06:26 Great Hall
06:37 Stronghold
08:06 Orc Burrow
08:52 Orc Burrow
10:36 Watch Tower
10:36 Watch Tower
10:37 Watch Tower
10:39 Watch Tower
10:58 Fortress
10:58 Fortress
12:51 Beastiary
12:55 Beastiary
13:03 Beastiary
13:07 Orc Burrow
13:08 Orc Burrow
13:38 Watch Tower
18:28 Spirit Lodge
» items
| Healing Salve | 2 | |
| Lesser Clarity Potion | 1 | |
| Orb of Lightning | 1 | |
| Potion of Healing | 1 | |
| Tiny Great Hall | 1 | |
6 total
team 6 (loser)

»
topski1994 (
purple | 34 APM | 47 actions | 01:23)
1 Paladin
1 Devotion Aura
» actions
| Basic commands | 4 | |
| Build / train | 9 | |
| Enter hero's abilities submenu | 1 | |
| Right click | 4 | |
| Select / deselect | 26 | |
| Use ability | 3 | |
47 total
» units
team 7 (loser)

»
The_De[v]il (
green | 101 APM | 3190 actions | 31:30)
6 Far Seer
3 Feral Spirit
2 Chain Lighting
1 Earth Quake
5 Tauren Chieftain
3 Endurance Aura
2 War Stomp
» actions
| Assign group hotkey | 124 | |
| Build / train | 146 | |
| Enter build submenu | 21 | |
| Enter hero's abilities submenu | 11 | |
| Give item / drop item | 6 | |
| Remove unit from queue | 10 | |
| Right click | 1660 | |
| Select / deselect | 726 | |
| Select group hotkey | 277 | |
| Use ability | 209 | |
3190 total
» units
| Peon | 16 | |
| Grunt | 7 | |
| Wind Rider | 11 | |
| Kodo Beast | -6 | |
| Troll Batrider | 14 | |
42 total
» upgrades
| Berserker Strength | 1 | |
| Ranged Weapons | 3 | |
| Envenomed Spears | 1 | |
| Liquid Fire | 1 | |
| Pillage | 1 | |
| War Drums Damage Increase | 1 | |
| Berserker Upgrade | 1 | |
| Troll Regeneration | 1 | |
10 total
» buildings
| Orc Burrow | 10 | |
| Barracks | 1 | |
| Voodoo Lounge | 1 | |
| Stronghold | 3 | |
| Altar of Storms | 1 | |
| Beastiary | 2 | |
| Fortress | 3 | |
| War Mill | 1 | |
| Great Hall | 1 | |
23 total
» build order
00:11 Orc Burrow
00:21 Barracks
01:04 Orc Burrow
02:34 Voodoo Lounge
03:05 Stronghold
03:05 Stronghold
03:25 Orc Burrow
06:20 Altar of Storms
06:36 Beastiary
06:39 Beastiary
07:34 Fortress
07:35 Fortress
07:59 War Mill
09:33 Orc Burrow
10:21 Orc Burrow
11:35 Orc Burrow
13:30 Great Hall
15:57 Orc Burrow
15:58 Orc Burrow
19:03 Orc Burrow
20:47 Orc Burrow
» items
| Healing Salve | 10 | |
| Lesser Clarity Potion | 5 | |
| Scroll of Speed | 2 | |
| Orb of Lightning | 3 | |
| Tiny Great Hall | 1 | |
| Scroll of Town Portal | 1 | |
| Potion of Healing | 1 | |
23 total
team 8 (loser)

»
Koma_Crew (
pink | 34 APM | 1789 actions | 52:27)
7 Mountain King
3 Storm Bolt
3 Bash
1 Avatar
6 Paladin
3 Holy Light
2 Divine Shield
1 Resurrection
3 Archmage
2 Brilliance Aura
1 Blizzard
» actions
| Assign group hotkey | 38 | |
| Basic commands | 3 | |
| Build / train | 134 | |
| Enter build submenu | 51 | |
| Enter hero's abilities submenu | 16 | |
| Give item / drop item | 6 | |
| Remove unit from queue | 12 | |
| Right click | 584 | |
| Select / deselect | 511 | |
| Select group hotkey | 274 | |
| Use ability | 160 | |
1789 total
» units
| Peasant | 41 | |
| Footman | 6 | |
| Gryphon Rider | 20 | |
| Knight | 3 | |
| Dragonhawk Rider | 2 | |
72 total
» upgrades
| Swords | 3 | |
| Storm Hammers | 1 | |
| Gunpowder | 0 | |
| Armor | 3 | |
| Animal War Training | 1 | |
| Lumber Harvesting | 2 | |
10 total
» buildings
| Barracks | 2 | |
| Farm | 25 | |
| Scout Tower | 3 | |
| Altar of Kings | 2 | |
| Arcane Tower | 1 | |
| Lumber Mill | 4 | |
| Arcane Vault | 3 | |
| Keep | 3 | |
| Guard Tower | 2 | |
| Blacksmith | 3 | |
| Gryphon Aviary | 6 | |
| Castle | 2 | |
| Town Hall | 8 | |
64 total
» build order
00:09 Barracks
00:23 Farm
00:37 Farm
01:19 Scout Tower
01:40 Altar of Kings
02:01 Arcane Tower
02:35 Farm
02:40 Lumber Mill
03:07 Arcane Vault
03:29 Farm
03:44 Scout Tower
03:44 Scout Tower
03:46 Farm
04:09 Keep
04:17 Guard Tower
04:48 Guard Tower
05:41 Blacksmith
06:07 Farm
06:58 Gryphon Aviary
07:01 Castle
08:09 Gryphon Aviary
08:46 Farm
08:47 Farm
13:52 Town Hall
15:34 Farm
15:35 Farm
21:36 Gryphon Aviary
22:01 Lumber Mill
23:47 Town Hall
25:24 Arcane Vault
25:48 Farm
25:54 Keep
25:57 Barracks
26:25 Lumber Mill
26:47 Farm
26:52 Blacksmith
27:01 Farm
27:32 Farm
28:46 Town Hall
29:31 Lumber Mill
32:14 Altar of Kings
33:13 Farm
33:14 Farm
33:26 Keep
34:52 Town Hall
38:06 Gryphon Aviary
38:12 Gryphon Aviary
38:23 Castle
39:18 Arcane Vault
39:54 Gryphon Aviary
40:05 Farm
40:06 Farm
40:07 Farm
41:00 Blacksmith
41:52 Farm
41:54 Farm
43:09 Farm
43:09 Farm
43:42 Farm
43:42 Farm
47:32 Town Hall
49:59 Town Hall
50:32 Town Hall
50:38 Town Hall
» items
| Scroll of Regeneration | 7 | |
| Lesser Clarity Potion | 3 | |
| Scroll of Town Portal | 2 | |
| Potion of Healing | 2 | |
14 total
team 9 (loser)

»
ralle9 (
gray | 35 APM | 178 actions | 05:08)
1 Keeper of the Grove
1 Force of Nature
» actions
| Assign group hotkey | 1 | |
| Basic commands | 2 | |
| Build / train | 4 | |
| Enter build submenu | 4 | |
| Enter hero's abilities submenu | 1 | |
| Remove unit from queue | 1 | |
| Right click | 113 | |
| Select / deselect | 41 | |
| Use ability | 11 | |
178 total
» units
» buildings
| Ancient of War | 1 | |
| Moon Well | 3 | |
| Altar of Elders | 1 | |
5 total
» build order
00:26 Ancient of War
01:58 Moon Well
01:59 Moon Well
02:03 Moon Well
03:13 Altar of Elders
Chat log
(00:43 / All) MalaDroga: lol
(00:46 / All) I_am_Legion_TD: Unsere Streitkäfte werden angegriffen
(00:53 / All) MalaDroga: pD
(00:57 / All) I_am_Legion_TD: Rofl?
(01:00 / All) I_am_Legion_TD: What happen?
(01:28 / All) Freudentau: O.o
(01:37 / All) Freudentau: wollen alle nur obsn xD
(04:48 / All) I_am_Legion_TD: Dort kann ich nicht beschwören
(04:53 / All) ralle9: omg u pwn
(04:57 / All) I_am_Legion_TD: sure
(04:58 / All) g-star: leave
(05:05 / All) ralle9: k bye
(05:30 / All) g-star: towerrush^^
(05:36 / All) MalaDroga: coglione devil
(08:09 / All) The_De[v]il: =)
(08:12 / All) MalaDroga: coglione TTç
(14:35 / All) I_am_Legion_TD: I help u blue :D
(14:43 / All) The_De[v]il: -.-
(21:21 / All) Freudentau: kommt doch alle
(21:33 / All) Freudentau: bye
(24:25 / All) Koma_Crew: was macht ihr dort drüben eigentlich zu 3?
(24:32 / All) I_am_Legion_TD: Zu 4.
(24:36 / All) Koma_Crew: stimmt
(27:09 / All) Koma_Crew: hau ab
(27:37 / All) I_am_Legion_TD: Ne rauch exp
(28:31 / All) Koma_Crew: schade
(28:33 / All) I_am_Legion_TD: :D
(30:57 / All) MalaDroga: lol
(31:01 / All) MalaDroga: andiamo fuori
(31:04 / All) The_De[v]il: y
(31:05 / All) The_De[v]il: =)
(31:43 / All) Koma_Crew: und wie siehts bei euch aus?
(31:55 / All) I_am_Legion_TD: Guuut
(32:05 / All) Koma_Crew: was hat der andere
(35:22 / All) Koma_Crew: geh weg
(43:36 / All) Koma_Crew: nicht du schon wieder
(44:09 / All) Koma_Crew: k
(44:59 / All) Koma_Crew: no
(49:22 / All) Koma_Crew: nice
(49:23 / All) Koma_Crew: ^^
(52:12 / All) Koma_Crew: it´s over gg
(52:13 / All) carlsonnn: :)
(52:15 / All) carlsonnn: 6k
(52:17 / All) carlsonnn: got